 Dungeon Crawl Stone Soup version 0.30-a0-359-gd0147acb1a (webtiles) character file.

Game seed: 9914871051467800655

46 ragingrage the Insei (level 3, 0/27 HPs)
             Began as a Demigod Transmuter on Nov 12, 2022.
             Slain by a quokka (3 damage)
             ... on level 2 of the Dungeon.
             The game lasted 00:01:13 (764 turns).

ragingrage the Insei (Demigod Transmuter)            Turns: 764, Time: 00:01:14

Health: 0/27       AC:  2    Str: 11    XL:     3   Next: 27%
Magic:  8/8        EV: 12    Int: 19    God:
Gold:   88         SH:  0    Dex: 20    Spells: 2/5 levels left

rFire   . . .      SeeInvis .      - Unarmed
rCold   . . .      Faith    .    (no shield)
rNeg    . . .      Spirit   .    a - +0 robe
rPois   .          Reflect  .    (helmet currently unavailable)
rElec   .          Harm     .    (no cloak)
rCorr   .          Rampage  .    (no gloves)
Will    .....                    (boots currently unavailable)
Stlth   ++........               (no amulet)
HPRegen 0.24/turn                j - +6 ring of dexterity
MPRegen 0.11/turn                (no ring)

@: appendages (expiring)
A: horns 2, talons 2, high MP 1, forlorn, divine attributes
a: End Transformation


You were on level 2 of the Dungeon.
You had temporarily grown beastly horns and talons.
You visited 1 branch of the dungeon, and saw 2 of its levels.

You collected 88 gold pieces.

Inventory:

Missiles
 d - 7 poisoned darts
Armour
 a - a +0 robe (worn)
Jewellery
 g - a ring of ice
 j - a +6 ring of dexterity (left hand)
Wands
 l - a wand of digging (2)
Scrolls
 f - a scroll of butterflies {unknown}
 i - a scroll of identify {unknown}
Potions
 b - a potion of lignification
 c - a potion of experience {unknown}
 e - a potion of cancellation {unknown}
 h - a potion of might {unknown}
 k - a potion of mutation {unknown}


   Skills:
 - Level 0.8 Fighting
 - Level 1.7 Dodging
 + Level 3.5 Unarmed Combat
 - Level 1.7 Spellcasting
 + Level 2.8 Transmutations


You had 2 spell levels left.
You knew the following spells:

 Your Spells              Type           Power      Damage    Failure   Level
a - Beastly Appendage     Tmut           24%        N/A       5%          1
b - Wereblood             Tmut           12%        N/A       9%          2

Your spell library contained the following spells:

 Spells                   Type           Power      Damage    Failure   Level
 Shock                    Conj/Air       4%         1d3       17%         1
 Spider Form              Tmut/Pois      6%         N/A       28%         3
 Swiftness                Air            1%         N/A       45%         3
 Ice Form                 Ice/Tmut       6%         N/A       67%         4
 Airstrike                Air            0%         2d(1-17)  86%         4


Dungeon Overview and Level Annotations

Branches:
Dungeon (2/15)

Shops:
D:1 !


Innate Abilities, Weirdness & Mutations

You have temporarily grown beastly horns and talons.
You have an increased reservoir of magic. (+10% MP)
You shall have no god before yourself.
Your divine heritage dramatically boosts your attributes as you level up.


Message History

You are too injured to fight recklessly!
You are too injured to fight recklessly!
You are too injured to fight recklessly!
You hit the adder.
The adder is lightly wounded.
The adder bites you. The quokka barely misses you.
You barely miss the adder. Your kick misses the adder.
The adder is lightly wounded.
The adder misses you.
The quokka bites you but does no damage.
You miss the adder. Your kick misses the adder. You headbutt the adder.
The adder is heavily wounded.
The adder closely misses you. The quokka closely misses you.
The adder bites you.
You hit the adder but do no damage.
The adder is heavily wounded.
Your transformation is almost over.
The quokka bites you. The adder bites you.
You hit the adder. Your kick misses the adder.
The adder is severely wounded.
The quokka bites you.
* * * LOW HITPOINT WARNING * * *
The adder closely misses you.
You miss the adder.
The adder is severely wounded.
The adder closely misses you. The quokka closely misses you.
You hit the adder but do no damage. You claw the adder.
You kill the adder!
The quokka bites you.
* * * LOW HITPOINT WARNING * * *
The quokka bites you.
* * * LOW HITPOINT WARNING * * *
You see here an adder corpse.
You hit the quokka but do no damage. You punch the quokka.
The quokka is lightly wounded.
The quokka barely misses you. The quokka closely misses you.
You hit the quokka. Your headbutt misses the quokka.
The quokka is lightly wounded.
The quokka bites you.
You die...

..........#
..........#
..........#
..........#
..........#
..........#
..........##
.......@r..######
.................
...........######
..........##
..........# #.
..........#######
#.
##########......#
#.
...........##.#
#.
............#.#
#.


You could see a quokka.

Vanquished Creatures
  2 adders (D:2)
  2 dart slugs
  A ball python (D:1)
  4 endoplasms (D:1)
  A giant cockroach (D:1)
  2 goblins (D:1)
  2 hobgoblins
  3 jackals (D:1)
  2 bats (D:1)
  2 frilled lizards (D:1)
  2 rats
23 creatures vanquished.

Notes
Turn   | Place    | Note
-------+----------+-------------------------------------------
     0 | D:1      | ragingrage the Demigod Transmuter began the quest for the
                  | Orb.
     0 | D:1      | Reached XP level 1. HP: 15/15 MP: 5/5
    94 | D:1      | Reached skill level 3 in Unarmed Combat
   121 | D:1      | Reached XP level 2. HP: 22/22 MP: 5/7
   435 | D:1      | Found Nowaetrezo's Distillery.
   594 | D:1      | Learned a level 2 spell: Wereblood
   670 | D:2      | Reached XP level 3. HP: 20/27 MP: 6/8
   764 | D:2      | Slain by a quokka

Illustrated notes

Levels and vault maps discovered:
D:1:      dpeg_arrival_refuge, layout_rooms, serial_shops,
          nicolae_shop_advertising_works [nicolae_subvault_shop_adworks],
          hellmonk_ecumenical_altar_pennies_from_heaven
D:2:      layout_basic

Skill      XL: |  1 |
---------------+----+-----
Transmutations | 2 |  2.8
Unarmed Combat | 3 |  3.5
Fighting       | |  0.8
Dodging        | |  1.7
Spellcasting   | |  1.7

Action                   || total
-------------------------++-------
Melee: Unarmed           ||    60
       Kick              ||    11
       Headbutt          ||     7
       Punch             ||     1
 Cast: Beastly Appendage ||    13
 Stab: Sleeping          ||     3
Armor: Robe              ||    10
Dodge: Dodged            ||    49

Table legend: (Time is in decaauts)
 A = Elapsed time spent in this place.
 B = Non-inter-level travel time spent in this place.
 C = Inter-level travel time spent in this place.
 D = Time resting spent in this place.
 E = Time spent auto-exploring this place.
 F = Levels seen in this place.
 G = Mean time per level.
                   A        B        C        D        E       F      G
               +--------+--------+--------+--------+--------+-----+--------+
         Total |    766 |    756 |     10 |     26 |    532 |   2 |  383.0 |
       Dungeon |    766 |    756 |     10 |     26 |    532 |   2 |  383.0 |
               +--------+--------+--------+--------+--------+-----+--------+

Top non-repeatable levels by time:
     D:1: 607 daAuts
     D:2: 158 daAuts
